 Dungeon Crawl Stone Soup version 0.30-a0-1014-g3371b13838 (webtiles) character file.

Game seed: 12990770862691229145

51 112233 the Ducker (level 3, -2/15 HPs)
             Began as a Felid Earth Elementalist on Apr 6, 2023.
             Was a Follower of Trog.
             Frozen to death by an endoplasm (4 damage)
             ... on level 3 of the Dungeon.
             The game lasted 00:01:38 (1548 turns).

112233 the Ducker (Felid Earth Elementalist)        Turns: 1548, Time: 00:01:39

Health: -2/15      AC:  1    Str:  4    XL:     3   Next: 57%
Magic:  8/8        EV: 18    Int: 18    God:    Trog [*.....]
Gold:   98         SH:  0    Dex: 16    Spells: 1/7 levels left
                                        Lives:  0   Deaths: 0

rFire   . . .      SeeInvis +    (weapon unavailable)
rCold   . . .      Faith    .    (shield unavailable)
rNeg    . . .      Spirit   .    (body armour unavailable)
rPois   .          Reflect  .    (helmet unavailable)
rElec   .          Rampage  .    (cloak unavailable)
rCorr   .                        (gloves unavailable)
Will    .....                    (boots unavailable)
Stlth   ++                       (no amulet)
HPRegen 0.22/turn                (no ring)
MPRegen 0.11/turn                (no ring)

@: quick
A: very small, claws 1, fangs 3, see invisible, speed 1, shaggy fur 1, stealthy
paws, no weapons or thrown items, no armour, multi-lived
a: Renounce Religion, Berserk


You were on level 3 of the Dungeon.
You worshipped Trog.
Trog was aware of your devotion.
You visited 1 branch of the dungeon, and saw 3 of its levels.

You collected 98 gold pieces.

Inventory:

Jewellery
 e - a ring of protection from cold
Scrolls
 b - a scroll of brand weapon {unknown}
 d - a scroll of identify {unknown}
 g - a scroll of enchant armour {unknown}
Potions
 a - a potion of magic
 c - a potion of heal wounds {unknown}
 f - a potion of lignification {unknown}
 h - 2 potions of mutation {unknown}


   Skills:
 + Level 1.6 Fighting
 + Level 3.7 Dodging
 - Level 2.6 Stealth
 - Level 2.7 Spellcasting
 - Level 1.1 Transmutations
 - Level 2.6 Earth Magic


You had one spell level left.
You knew the following spells:

 Your Spells              Type           Power      Damage    Failure   Level
a - Sandblast             Erth           24%        2d8       5%          1
b - Stone Arrow           Conj/Erth      14%        3d7       28%         3
c - Passwall              Tmut/Erth      7%         N/A       12%         2

Your spell library contained the following spells:

 Spells                   Type           Power      Damage    Failure   Level
 Petrify                  Tmut/Erth      9%         N/A       61%         4


Dungeon Overview and Level Annotations

Branches:
Dungeon (3/15)

Altars:
Dithmenos
Trog


Innate Abilities, Weirdness & Mutations

You have sharp claws.
You have razor-sharp teeth.
You have supernaturally acute eyesight. (SInv)
You cover ground quickly. (Speed+)
You are covered in fur. (AC +1)
Your paws help you pounce on unaware monsters.
You are incapable of wielding weapons or throwing items.
You cannot wear armour.
You gain extra lives every three experience levels.


Message History

You scratch the kobold.
The kobold is heavily wounded.
The endoplasm hits you. The kobold misses you.
You scratch the kobold but do no damage.
The kobold is heavily wounded.
The endoplasm misses you. The kobold completely misses you.
The kobold misses you. The endoplasm misses you. The kobold misses you.
A bat comes into view.
The endoplasm barely misses you.
You scratch the endoplasm.
The endoplasm is moderately wounded.
The endoplasm closely misses you. The kobold misses you.
The endoplasm barely misses you. The kobold closely misses you.
The kobold misses you.
A kobold comes into view. It is wielding a +0 short sword.
Found a potion of magic and a scroll labelled MOULADDUGEA.
The kobold shouts!
The kobold throws a stone.
The stone hits you. The endoplasm freezes you.
You are frozen.
* * * LOW HITPOINT WARNING * * *
Found a stone staircase leading down.
The kobold throws a stone.
The stone barely misses you.
The stone hits the endoplasm.
The kobold throws a stone.
The stone hits you.
* * * LOW HITPOINT WARNING * * *
The kobold throws a stone.
The stone closely misses you.
You barely miss the kobold. Your bite misses the kobold.
The kobold barely misses you.
The endoplasm hits you but does no damage.
You closely miss the kobold. The kobold barely misses you.
The endoplasm freezes you.
You are frozen.
* * * LOW HITPOINT WARNING * * *
The kobold misses you.
You closely miss the kobold. The kobold barely misses you.
The endoplasm freezes you.
You are frozen.
You die...

........$...#..........
.
######.#.##.#...$......
. .....##.#..###..... .
##+#+##....#.......... .
#..........#.......... .
#..........###........ .
.##..........###........
..............!#####....
...?...@J......# ....
..>....KK......# ....
.............###
.............#
####..........+
#......##.## #......#
... ^..##### ...


You could see an endoplasm and 2 kobolds.

Vanquished Creatures
  An adder (D:3)
  4 bats
  9 endoplasms (D:1)
  7 goblins
  2 hobgoblins
  2 quokkas
  4 ball pythons
  3 kobolds
  3 rats
35 creatures vanquished.

Notes
Turn   | Place    | Note
-------+----------+-------------------------------------------
     0 | D:1      | 112233 the Felid Earth Elementalist began the quest for the
                  | Orb.
     0 | D:1      | Reached XP level 1. HP: 7/7 MP: 4/4
   121 | D:1      | Reached skill level 3 in Dodging
   153 | D:1      | Reached XP level 2. HP: 12/12 MP: 3/6
   222 | D:1      | Learned a level 2 spell: Passwall
   409 | D:1      | Reached skill level 1 in Fighting
   850 | D:2      | Reached XP level 3. HP: 15/15 MP: 3/7
   909 | D:1      | Learned a level 3 spell: Stone Arrow
  1031 | D:2      | Found a shadowy altar of Dithmenos.
  1052 | D:2      | You fall into a shaft and drop 1 floor!
  1270 | D:3      | Found a faded altar of an unknown god.
  1440 | D:3      | Prayed at the altar of an unknown god.
  1440 | D:3      | Became a worshipper of Trog the Wrathful
  1440 | D:3      | Reached * piety under Trog
  1548 | D:3      | Frozen to death by an endoplasm

Illustrated notes

Levels and vault maps discovered:
D:1:      minmay_arrival_hallway, layout_basic
D:2:      layout_basic, basic_altar, wander_ebering_terrifying_dragon_lair
D:3:      layout_basic, nicolae_overflow_crystal_walls,
          nicolae_ecumenical_snake_handling

Skill      XL: |  1  2 |
---------------+-------+-----
Dodging        | 3 |  3.7
Fighting       | 1 |  1.6
Stealth        | |  2.6
Spellcasting   | |  2.7
Transmutations | |  1.1
Earth Magic    | |  2.6

Action                     || total
---------------------------++-------
  Melee: Unarmed           ||     9
         Bite              ||     1
         Punch             ||     1
   Cast: Sandblast         ||    44
 Armour: Skin              ||     2
  Dodge: Dodged            ||    31

Table legend: (Time is in decaauts)
 A = Elapsed time spent in this place.
 B = Non-inter-level travel time spent in this place.
 C = Inter-level travel time spent in this place.
 D = Time resting spent in this place.
 E = Time spent auto-exploring this place.
 F = Levels seen in this place.
 G = Mean time per level.
                   A        B        C        D        E       F      G
               +--------+--------+--------+--------+--------+-----+--------+
         Total |   1415 |   1393 |     22 |    357 |    791 |   3 |  471.7 |
       Dungeon |   1415 |   1393 |     22 |    357 |    791 |   3 |  471.7 |
               +--------+--------+--------+--------+--------+-----+--------+

Top non-repeatable levels by time:
     D:1: 817 daAuts
     D:3: 469 daAuts
     D:2: 128 daAuts
